 Dungeon Crawl Stone Soup version 0.29-a0-330-g52719c12eb (webtiles) character file.

Game seed: 18099709313599919654

179 kae the Firebug (level 5, -2/38 HPs)
             Began as a Demigod Fire Elementalist on May 24, 2022.
             Killed by divine providence
             ... invoked by an orc priest
              (17 damage)
             ... on level 4 of the Dungeon.
             The game lasted 00:02:04 (4084 turns).

kae the Firebug (Demigod Fire Elementalist)         Turns: 4084, Time: 00:02:05

Health: -2/38      AC:  3    Str:  4    XL:     5   Next: 10%
Magic:  5/11       EV: 27    Int: 24    God:
Gold:   189        SH:  0    Dex: 14    Spells: 0/9 levels left

rFire   . . .      SeeInvis .   i - +2 flail "Leviticus" {freeze, rPois rCorr Str-5 Int+3}
rCold   . . .      Faith    .   (no shield)
rNeg    . . .      Spirit   .   a - +1 robe
rPois   +          Reflect  .   (no helmet)
rElec   .          Harm     .   (no cloak)
rCorr   +          Rampage  .   (no gloves)
Will    .....                   (no boots)
Stlth   ++........              k - amulet of the acrobat
HPRegen 0.12/turn               (no ring)
MPRegen 0.12/turn               (no ring)

@: about to teleport, acrobatic
A: high MP 1, forlorn, divine attributes
a: no special abilities


You were on level 4 of the Dungeon.
You visited 1 branch of the dungeon, and saw 4 of its levels.

You collected 189 gold pieces.

Inventory:

Hand Weapons
 i - the +2 flail "Leviticus" (weapon) {freeze, rPois rCorr Str-5 Int+3}
   (You found it on level 3 of the Dungeon)

   It freezes those it strikes, dealing additional cold damage.
   It can also slow down cold-blooded creatures.
   Str:       It affects your strength (-5).
   Int:       It affects your intelligence (+3).
   rPois:     It protects you from poison.
   rCorr:     It protects you from acid and corrosion.
Armour
 a - a +1 robe (worn)
Jewellery
 k - an amulet of the acrobat (around neck)
Scrolls
 d - a scroll of fear {unknown}
 e - a scroll of blinking
 g - a scroll of teleportation
Potions
 b - a potion of magic
 c - a potion of attraction
 f - 2 potions of mutation
 h - a potion of cancellation
 j - a potion of might {unknown}
 l - a potion of lignification {unknown}
 m - a potion of heal wounds {unknown}


   Skills:
 - Level 1.7 Dodging
 - Level 1.7 Stealth
 + Level 2.6 Spellcasting
 * Level 3.0 Conjurations
 * Level 4.0 Fire Magic


You couldn't memorise any spells.
You knew the following spells:

 Your Spells              Type           Power      Damage    Failure   Level
a - Foxfire               Conj/Fire      80%        2x1d8     2%          1
b - Scorch                Fire           44%        2d7       3%          2
c - Conjure Flame         Conj/Fire      20%        6-21      8%          3
d - Inner Flame           Hex/Fire       12%        N/A       14%         3

Your spell library contained the following spells:

 Spells                   Type           Power      Damage    Failure   Level
 Flame Wave               Conj/Fire      20%        2d7       26%         4
 Fireball                 Conj/Fire      10%        3d6       58%         5
 Starburst                Conj/Fire      10%        6d5       99%         6
 Ignition                 Fire           11%        3d5       100%        8


Dungeon Overview and Level Annotations

Branches:
Dungeon (4/15)
 Temple: D:4-7

Shops:
D:1 (


Innate Abilities, Weirdness & Mutations

You have an increased reservoir of magic. (+10% MP)
You shall have no god before yourself.
Your divine heritage dramatically boosts your attributes as you level up.


Message History

You hear a shout! x2
Casting: Foxfire (safe; 2% risk of failure)
Confirm with . or Enter, or press ? or * to list all spells.
You conjure some foxfire!
The foxfire hits the orc priest.
The orc priest is lightly wounded.
Casting: Foxfire (safe; 2% risk of failure)
Confirm with . or Enter, or press ? or * to list all spells.
You conjure some foxfire!
The foxfire hits the orc priest.
The orc priest is moderately wounded.
An orc comes into view. It is wielding a +0 flail.
The foxfire hits the orc priest but does no damage.
The orc priest is moderately wounded.
The orc priest mumbles some strange prayers to Beogh against you.
Pain shoots through your body!
The foxfire hits the orc priest.
The orc priest is heavily wounded.
Casting: Foxfire (safe; 2% risk of failure)
Confirm with . or Enter, or press ? or * to list all spells.
You conjure some foxfire!
An orc wizard comes into view. It is wielding a +0 dagger.
The foxfire hits the orc priest but does no damage.
The orc priest is heavily wounded.
The foxfire hits the orc priest but does no damage.
The orc priest is heavily wounded.
The orc priest completely misses you.
Casting: Foxfire (safe; 2% risk of failure)
Confirm with . or Enter, or press ? or * to list all spells.
You conjure some foxfire!
The foxfire hits the orc priest but does no damage.
The orc priest is heavily wounded.
The foxfire hits the orc.
The orc is moderately wounded.
Okay, then.
Okay, then.
As you read the scroll of teleportation, it crumbles to dust.
You feel strangely unstable.
The orc priest looks encouraged for a moment.
The orc priest mumbles some strange prayers to Beogh against you.
Beogh smites you!
You die...

## #.....#.##............#.#'##
.. #.#...#.##..........#.#.#.#
.# #.#.....##..........#.#.#.#
.# #.#...#.######..........#.#
.#####.#...#.........#.........#
.......##..#.######..#.........#
...........#.######..#........##
############.##......#........#
###### ###.# #@##..#........#
...... .o#.###.###.#..>.....###
..#### #o#...oo..#.#.#.........
...# #.#...o##.#.#.......###.
...# #.#....# .# #.#.......#.
...# #.#)...# #.#.........).
.### #......# #.#.#.#####... .#
#......# #.#.#......... .#
#......##+#.#.#..####...


You could see an orc priest, an orc wizard and an orc.

Vanquished Creatures
  9 adders
  3 worms (D:2)
  2 dart slugs
  2 orcs (D:4)
  9 ball pythons
  7 endoplasms
  A giant cockroach (D:2)
  11 goblins
  6 hobgoblins
  4 jackals (D:1)
  6 kobolds
  2 quokkas
  7 bats
  11 frilled lizards
  4 rats
84 creatures vanquished.

Vanquished Creatures (others)
  294 foxfires
294 creatures vanquished.

Grand Total: 378 creatures vanquished

Notes
Turn   | Place    | Note
-------+----------+-------------------------------------------
     0 | D:1      | kae the Demigod Fire Elementalist began the quest for the
                  | Orb.
     0 | D:1      | Reached XP level 1. HP: 14/14 MP: 5/5
    32 | D:1      | Reached skill level 1 in Conjurations
   237 | D:1      | Reached skill level 3 in Fire Magic
   237 | D:1      | Reached XP level 2. HP: 20/20 MP: 5/7
   274 | D:1      | Learned a level 2 spell: Scorch
   639 | D:1      | Found Verot's Antique Weapon Emporium.
  1000 | D:1      | Reached XP level 3. HP: 26/26 MP: 5/8
  1004 | D:1      | Learned a level 3 spell: Conjure Flame
  2184 | D:2      | Reached XP level 4. HP: 33/33 MP: 5/10
  2822 | D:3      | Identified a scroll of acquirement
  2822 | D:3      | Acquired a book of Fire
  2941 | D:3      | Identified the +2 flail "Leviticus" {freeze, rPois rCorr
                  | Str-5 Int+3}
  3357 | D:3      | Reached skill level 4 in Fire Magic
  3377 | D:3      | Reached XP level 5. HP: 38/38 MP: 7/11
  3384 | D:3      | Learned a level 3 spell: Inner Flame
  4084 | D:4      | Killed from afar by an orc priest

Illustrated notes

Levels and vault maps discovered:
D:1:      saegor_arrival_fortress, layout_loops_ring,
          ebering_ecumenical_altar_mist, serial_shops, shop, lemuel_old_faithful
D:2:      layout_basic, minmay_hexomino_r4
D:3:      layout_rooms, minmay_overflow_temple_hex, kennysheep_crisscross,
          wander_ebering_terrifying_dragon_lair
D:4:      layout_basic, jmf_multi_god_temple

Skill      XL: |  1  2  3  4  5 |
---------------+----------------+-----
Conjurations   | 1 2 3 |  3.0
Fire Magic     | 3 4 |  4.0
Spellcasting   | 2 |  2.6
Dodging        | |  1.7
Stealth        | |  1.7

Action                   |  1- 3 |  4- 6 || total
-------------------------+-------+-------++-------
Melee: Unarmed           |       |     3 ||     3
 Cast: Foxfire           |    91 |    81 ||   172
       Scorch            |     5 |     6 ||    11
  Use: Scroll            |     5 |     5 ||    10
Armor: Robe              |    12 |     9 ||    21
Dodge: Dodged            |    21 |    24 ||    45

Table legend: (Time is in decaauts)
 A = Elapsed time spent in this place.
 B = Non-inter-level travel time spent in this place.
 C = Inter-level travel time spent in this place.
 D = Time resting spent in this place.
 E = Time spent auto-exploring this place.
 F = Levels seen in this place.
 G = Mean time per level.
                   A        B        C        D        E       F      G
               +--------+--------+--------+--------+--------+-----+--------+
         Total |   4082 |   4029 |     53 |      0 |   3465 |   4 | 1020.5 |
       Dungeon |   4082 |   4029 |     53 |      0 |   3465 |   4 | 1020.5 |
               +--------+--------+--------+--------+--------+-----+--------+

Top non-repeatable levels by time:
     D:1: 1631 daAuts
     D:2: 1188 daAuts
     D:3: 941 daAuts
     D:4: 321 daAuts
